 Dungeon Crawl Stone Soup version 0.28.0-53-g5a82cb258f (webtiles) character file.

Game seed: 17628679268392138760

1611 Peloso the Carver (level 8, -3/70 HPs)
             Began as a Minotaur Fighter on June 10, 2022.
             Slain by Prince Ribbit (8 damage)
             ... on level 5 of the Dungeon.
             The game lasted 00:09:09 (5652 turns).

Peloso the Carver (Minotaur Fighter)                Turns: 5652, Time: 00:09:11

Health: -3/70      AC: 12    Str: 20    XL:     8   Next: 63%
Magic:  7/7        EV:  7    Int:  5    God:
Gold:   224        SH:  9    Dex: 13    Spells: 7/7 levels left

rFire   . . .      SeeInvis .   a - +1 long sword
rCold   . . .      Faith    .   m - +0 kite shield {reflect}
rNeg    . . .      Spirit   .   t - +0 chain mail
rPois   .          Reflect  +   (helmet restricted)
rElec   .          Harm     .   g - +0 cloak
rCorr   .          Rampage  .   (no gloves)
Will    .....                   (no boots)
Stlth   ..........              (no amulet)
HPRegen 0.21/turn               (no ring)
MPRegen 0.10/turn               (no ring)

@: studying Staves
A: horns 2, retaliatory headbutt
a: no special abilities


You were on level 5 of the Dungeon.
You visited 1 branch of the dungeon, and saw 5 of its levels.

You collected 224 gold pieces.

Inventory:

Hand Weapons
 a - a +1 long sword (weapon)
 b - a +1 whip of flaming
Armour
 c - a +0 buckler
 g - a +0 cloak (worn)
 m - a +0 kite shield of reflection (worn)
 t - a +0 chain mail (worn)
Jewellery
 l - an amulet of magic regeneration
 q - an amulet of faith
Wands
 s - a wand of iceblast (3)
Scrolls
 e - a scroll of identify
 k - a scroll of amnesia {unknown}
 u - a scroll of teleportation
 v - a scroll of torment {unknown}
Potions
 d - a potion of might
 f - a potion of haste
 h - 2 potions of curing
 i - 2 potions of resistance
 j - a potion of mutation
 n - 3 potions of brilliance {unknown}
 o - a potion of attraction {unknown}
 p - 3 potions of flight {unknown}
 r - a potion of degeneration {unknown}


   Skills:
 + Level 6.1 Fighting
 + Level 8.5 Long Blades
 + Level 7.4 Armour
 + Level 3.1 Dodging
 + Level 0.5 Stealth
 + Level 5.8 Shields


You had 7 spell levels left.
You didn't know any spells.
Your spell library contained the following spells:

 Spells                   Type           Power      Damage    Failure   Level
 Sandblast                Erth           0%         2d4       100%        1
 Passwall                 Tmut/Erth      0%         N/A       100%        2
 Stone Arrow              Conj/Erth      0%         3d7       100%        3


Dungeon Overview and Level Annotations

Branches:
Dungeon (5/15)             Temple (0/1) D:5

Altars:

Shops:
D:1 (

Annotations:
D:5 Prince Ribbit


Innate Abilities, Weirdness & Mutations

You have a pair of horns on your head.
You reflexively headbutt those who attack you in melee.


Message History

You block Prince Ribbit's attack. Prince Ribbit hits you!
You hit Prince Ribbit.
Prince Ribbit is moderately wounded.
Prince Ribbit hits you.
You hit Prince Ribbit.
Prince Ribbit is moderately wounded.
Prince Ribbit hits you. x2
You hit Prince Ribbit. Your headbutt misses Prince Ribbit.
Prince Ribbit is heavily wounded.
Prince Ribbit hits you!
You closely miss Prince Ribbit.
Prince Ribbit is heavily wounded.
Prince Ribbit hits you but does no damage.
Prince Ribbit hits you.
You barely miss Prince Ribbit. Your headbutt misses Prince Ribbit.
Prince Ribbit is heavily wounded.
You block Prince Ribbit's attack.
Prince Ribbit hits you but does no damage.
You closely miss Prince Ribbit. Your headbutt misses Prince Ribbit.
Prince Ribbit is heavily wounded.
You block Prince Ribbit's attack.
You closely miss Prince Ribbit.
Prince Ribbit is heavily wounded.
Prince Ribbit hits you but does no damage.
Prince Ribbit hits you!
* * * LOW HITPOINT WARNING * * *
You slash Prince Ribbit!
Prince Ribbit is severely wounded.
Prince Ribbit lets out a mournful croak.
Prince Ribbit blinks!
Prince Ribbit lets out a mournful croak.
Prince Ribbit hits you.
* * * LOW HITPOINT WARNING * * *
You slash Prince Ribbit!
Prince Ribbit is almost dead.
Prince Ribbit catches a spider with his tongue.
Prince Ribbit hits you.
* * * LOW HITPOINT WARNING * * *
Prince Ribbit hits you!
You die...

## ..
#.#######
#.......#
#@##.#
#F#.#.#
#.###..#
##.# ##.##
#.# ##.#
#..# ##.##
#.#.###...#
#.##.#..#.#
#.# #.#...#


You could see Prince Ribbit.

Vanquished Creatures
  Pikel (D:5)
  An ice beast (D:5)
  2 ogres (D:4)
  A centaur (D:4)
  A phantom (D:5)
  3 scorpions
  A water moccasin skeleton (D:4)
  A hound (D:5)
  2 jellies (D:5)
  2 centaur zombies (D:5)
  Ijyb (D:5)
  2 orc wizards
  An iguana (D:5)
  Natasha (thrice) (D:2)
  8 adders
  An adder skeleton (D:4)
  2 worms
  3 dart slugs
  7 orcs
  4 ball pythons
  4 bats
  3 endoplasms
  3 giant cockroaches (D:3)
  8 goblins
  7 hobgoblins
  4 jackals
  4 kobolds
  4 quokkas
  3 frilled lizards
  4 rats
91 creatures vanquished.

Vanquished Creatures (others)
  2 plants (D:3)
2 creatures vanquished.

Grand Total: 93 creatures vanquished

Notes
Turn   | Place    | Note
-------+----------+-------------------------------------------
     0 | D:1      | Peloso the Minotaur Fighter began the quest for the Orb.
     0 | D:1      | Reached XP level 1. HP: 19/19 MP: 0/0
    16 | D:1      | Found a faded altar of an unknown god.
   258 | D:1      | Found Ficzor's Antique Weapon Boutique.
   395 | D:1      | Reached XP level 2. HP: 27/27 MP: 1/1
   711 | D:2      | Reached XP level 3. HP: 27/33 MP: 2/2
   783 | D:2      | Noticed Natasha
   798 | D:2      | Killed Natasha
   799 | D:2      | Reached skill level 3 in Long Blades
  1107 | D:2      | Noticed Natasha
  1122 | D:2      | Killed Natasha
  1123 | D:2      | Reached XP level 4. HP: 16/40 MP: 3/3
  1522 | D:2      | Noticed Natasha
  1543 | D:2      | Killed Natasha
  1544 | D:2      | Reached skill level 1 in Dodging
  1899 | D:3      | Reached XP level 5. HP: 47/47 MP: 4/4
  2168 | D:3      | Reached skill level 5 in Armour
  3325 | D:4      | Reached skill level 4 in Long Blades
  3488 | D:4      | Noticed an ogre
  3715 | D:4      | Killed an ogre
  3716 | D:4      | Reached XP level 6. HP: 30/53 MP: 5/5
  3919 | D:4      | Reached skill level 5 in Long Blades
  4158 | D:4      | Reached skill level 5 in Fighting
  4205 | D:4      | Reached XP level 7. HP: 61/61 MP: 6/6
  4518 | D:4      | Reached skill level 5 in Shields
  4708 | D:5      | Entered Level 5 of the Dungeon
  4715 | D:5      | Noticed Pikel
  4741 | D:5      | Reached skill level 6 in Long Blades
  4760 | D:5      | Killed Pikel
  4761 | D:5      | Reached skill level 7 in Long Blades
  4761 | D:5      | Reached XP level 8. HP: 26/70 MP: 7/7
  5230 | D:5      | Found a staircase to the Ecumenical Temple.
  5282 | D:5      | Reached skill level 8 in Long Blades
  5542 | D:5      | Noticed Ijyb
  5554 | D:5      | Killed Ijyb
  5635 | D:5      | Noticed Prince Ribbit
  5652 | D:5      | Slain by Prince Ribbit

Illustrated notes

Levels and vault maps discovered:
D:1:      evilmike_arrival_plus, layout_basic, ebering_ecumenical_altar_rust,
          serial_shops, shop, serial_glass, glass_columns_a, glass_columns_a,
          glass_columns_c, glass_columns_a, item_on_display_a, feat_on_display,
          item_on_display_a
D:2:      layout_basic, minmay_circled_x, uniq_natasha
D:3:      minmay_general_purpose_star, layout_basic, serial_bayou,
          serial_bayou_pond_b, serial_bayou_lagoon_a, serial_bayou_shore_a,
          serial_bayou_pond_d, st_stairs_12, serial_bayou_crossing
D:4:      layout_basic, minmay_manual_monolith
D:5:      layout_loops_ring, minmay_temple_entry_nine_rooms,
          gammafunk_ghost_split, uniq_sigmund, uniq_ijyb, uniq_pikel,
          uniq_prince_ribbit1

Skill      XL: |  1  2  3  4  5  6  7  8 |
---------------+-------------------------+-----
Fighting       | 4 5 6 |  6.1
Armour         | 4 5 6 7 |  7.4
Shields        | 4 5 |  5.8
Long Blades    | 3 4 5 7 8 |  8.5
Dodging        | 1 2 3 |  3.1
Stealth        | |  0.5

Action                   |  1- 3 |  4- 6 |  7- 9 || total
-------------------------+-------+-------+-------++-------
Melee: Long sword        |    79 |   110 |   106 ||   295
       Headbutt          |     9 |    11 |    21 ||    41
  Use: Scroll            |     6 |     4 |     2 ||    12
       Potion            |       |       |     1 ||     1
Armor: Scale mail        |    45 |    37 |       ||    82
       Chain mail        |       |     9 |    58 ||    67
Dodge: Dodged            |    40 |    46 |    22 ||   108
Block: Buckler           |     9 |       |       ||     9
       Kite shield       |    20 |    54 |    34 ||   108
       Reflection        |       |     3 |       ||     3
